 Dungeon Crawl Stone Soup version 0.23-a0-269-g65e0026 (webtiles) character file.

115 Amnesiac the Digger (level 5, -2/38 HPs)
             Began as a Ghoul Earth Elementalist on Sept 30, 2018.
             Slain by Ijyb
             ... wielding a +6 dagger
              (6 damage)
             ... on level 3 of the Dungeon.
             The game lasted 00:02:08 (496 turns).

Amnesiac the Digger (Ghoul Earth Elementalist)       Turns: 496, Time: 00:02:09

Health: -2/38      AC:  2    Str: 12    XL:     5   Next: 0%
Magic:  8/17       EV: 12    Int: 11    God:
Gold:   0          SH:  0    Dex:  9    Spells: 8/9 levels left

rFire    . . .     SeeInvis .   e - +0 dagger
rCold    + . .     Gourm    .   (no shield)
rNeg     + + +     Faith    .   c - +0 robe
rPois    ∞         Spirit   .   (no helmet)
rElec    .         Reflect  .   (no cloak)
rCorr    .         Harm     .   (no gloves)
MR       .....                  (no boots)
Stlth    ++........             (no amulet)
HPRegen  0.00/turn              g - ring of magical power
MPRegen  0.15/turn              (no ring)

@: rotting
A: rotting body, claws 1, carnivore, cold resistance 1, negative energy
resistance 3, inhibited regeneration, torment resistance, unbreathing
a: no special abilities


You were on level 3 of the Dungeon.
You were not hungry.

You visited 1 branch of the dungeon, and saw 3 of its levels.

Inventory:

Hand Weapons
 e - a +0 dagger (weapon)
Missiles
 b - 54 stones (quivered)
Armour
 c - a +0 robe (worn)
Jewellery
 g - a ring of magical power (left claw)
Scrolls
 h - a scroll of enchant armour {!r, unknown}
 j - a scroll of blinking {!r, unknown}
Potions
 f - a potion of curing {!q, unknown}
 i - a potion of haste {!q, unknown}
Comestibles
 a - a chunk of flesh
 d - 3 rations


   Skills:
 - Level 1.7 Dodging
 - Level 2.1 Stealth
 + Level 2.7 Spellcasting
   Level 0.8 Transmutations
 * Level 5.3 Earth Magic


You had 8 spell levels left.
You knew the following spells:

 Your Spells              Type           Power        Failure   Level  Hunger
a - Sandblast             Erth           ##....       3%          1    #......

Your spell library contained the following spells:

 Spells                   Type           Power        Failure   Level  Hunger
 Passwall                 Tmut/Erth      #.......     12%         2    ###....
 Stone Arrow              Conj/Erth      #.....       26%         3    ###....
 Petrify                  Tmut/Erth      #.......     58%         4    #####..
 Lee's Rapid Deconstruct  Erth           ##........   63%         5    ######.


Dungeon Overview and Level Annotations

Branches:
Dungeon (3/15)

Altars:

Annotations:
D:3 Ijyb


Innate Abilities, Weirdness & Mutations

Your body is rotting away.
You thrive on raw meat.
You are immune to poison.
You have sharp fingernails.
You are carnivorous and can eat meat at any time.
Your flesh is cold resistant. (rC+)
You are immune to negative energy. (rN+++)
You do not regenerate when monsters are visible.
You are immune to unholy pain and torment.
You can survive without breathing.


Message History

Aiming: Sandblast (safe; 3% risk of failure)
Press: ? - help, Shift-Dir - straight line, f/p - Ijyb
Aim: Ijyb, wielding an enchanted dagger, wearing a leather armour and carrying The blast of sand hits Ijyb.
Ijyb is lightly wounded.
b - 59 stones Ijyb hits you with an enchanted dagger!
* * * LOW HITPOINT WARNING * * *
Unknown command.
Unknown command.
Casting: Sandblast (safe; 3% risk of failure)
Confirm with . or Enter, or press ? or * to list all spells.
Aiming: Sandblast (safe; 3% risk of failure)
Press: ? - help, Shift-Dir - straight line, f/p - Ijyb
Aim: Ijyb, wielding an enchanted dagger, wearing a leather armour and carrying The blast of sand hits Ijyb.
Ijyb is moderately wounded.
b - 58 stones Ijyb barely misses you.
Unknown command.
Unknown command.
Casting: Sandblast (safe; 3% risk of failure)
Confirm with . or Enter, or press ? or * to list all spells.
Aiming: Sandblast (safe; 3% risk of failure)
Press: ? - help, Shift-Dir - straight line, f/p - Ijyb
Aim: Ijyb, wielding an enchanted dagger, wearing a leather armour and carrying The blast of sand hits Ijyb.
Ijyb is moderately wounded.
b - 57 stones Ijyb misses you.
Unknown command.
Unknown command.
Casting: Sandblast (safe; 3% risk of failure)
Confirm with . or Enter, or press ? or * to list all spells.
Aiming: Sandblast (safe; 3% risk of failure)
Press: ? - help, Shift-Dir - straight line, f/p - Ijyb
Aim: Ijyb, wielding an enchanted dagger, wearing a leather armour and carrying The blast of sand hits Ijyb.
Ijyb is heavily wounded.
b - 56 stones Ijyb closely misses you.
Unknown command.
Unknown command.
Casting: Sandblast (safe; 3% risk of failure)
Confirm with . or Enter, or press ? or * to list all spells.
Aiming: Sandblast (safe; 3% risk of failure)
Press: ? - help, Shift-Dir - straight line, f/p - Ijyb
Aim: Ijyb, wielding an enchanted dagger, wearing a leather armour and carrying The blast of sand hits Ijyb.
Ijyb is severely wounded.
b - 55 stones Ijyb zaps a wand.
The bolt of acid misses you.
Unknown command.
Unknown command.
Casting: Sandblast (safe; 3% risk of failure)
Confirm with . or Enter, or press ? or * to list all spells.
Aiming: Sandblast (safe; 3% risk of failure)
Press: ? - help, Shift-Dir - straight line, f/p - Ijyb
Aim: Ijyb, wielding an enchanted dagger, wearing a leather armour and carrying The blast of sand hits Ijyb.
Ijyb is severely wounded.
b - 54 stones Ijyb hits you with an enchanted dagger.
You die...

#......
##########.....
#..........#
#..........#
#..........#
#..........#
#..........#
#..........#
#######..g@#
#.##..# #.##..#
#.##....
##.#########.
#............
#............
#.g..........
#............


You could see Ijyb.

Vanquished Creatures
  A phantom (D:3)
  An adder (D:2)
  An ooze (D:2)
  3 giant cockroaches
  4 goblins
  2 kobolds
  A quokka (D:2)
  A bat (D:2)
  2 frilled lizards
  2 rats (D:3)
18 creatures vanquished.

Notes
Turn   | Place    | Note
-------+----------+-------------------------------------------
     0 | D:1      | Amnesiac the Ghoul Earth Elementalist began the quest for
                  | the Orb.
     0 | D:1      | Reached XP level 1. HP: 14/14 MP: 2/2
   183 | D:2      | Reached XP level 2. HP: 20/20 MP: 3/3
   281 | D:2      | Reached skill level 4 in Earth Magic
   319 | D:2      | Reached XP level 3. HP: 21/26 MP: 5/5
   371 | D:3      | Noticed a phantom
   379 | D:3      | Noticed Ijyb
   400 | D:3      | Killed a phantom
   400 | D:3      | Reached skill level 5 in Earth Magic
   400 | D:3      | Reached XP level 4. HP: 17/33 MP: 3/7
   400 | D:3      | Reached XP level 5. HP: 19/38 MP: 3/8
   496 | D:3      | Slain by Ijyb

Vault maps used:
D:1:      dpeg_arrival_tiny_c, serial_forest, infiniplex_forest_end_3,
          infiniplex_forest_straight_4, infiniplex_forest_lined_2,
          infiniplex_forest_clump_long, infiniplex_forest_straight_3,
          infiniplex_forest_end_3, infiniplex_forest_straight_2
D:2:      corexii_item_surrounded_by_moat, columned_hall_lemuel,
          lightli_corner_chamber
D:3:      trog_book, uniq_ijyb

Skill      XL: |  1  2  3 |
---------------+----------+-----
Spellcasting   | 2 |  2.7
Earth Magic    | 4 5 |  5.3
Dodging        | |  1.7
Stealth        | |  2.1
Transmutations | |  0.8

Action                   |  1- 3 |  4- 6 || total
-------------------------+-------+-------++-------
Melee: Dagger            |    44 |       ||    44
       Unarmed           |     1 |       ||     1
 Cast: Sandblast         |    26 |    11 ||    37
 Stab: Sleeping          |     2 |       ||     2
  Eat: Chunk             |     8 |     2 ||    10
Armor: Robe              |    10 |       ||    10
Dodge: Dodged            |    32 |     5 ||    37

Table legend:
 A = Non-vault XP
 B = Vault XP
 C = Vault XP percentage of total XP
 D = Non-vault monster count
 E = Vault monster count
 F = Vault count percentage of total count
                 A         B        C        D         E       F
            +---------+---------+-------+---------+---------+-------
      Total |     165 |       0 |   0.0 |      18 |       0 |   0.0
            +---------+---------+-------+---------+---------+-------
        D:1 |       9 |       0 |   0.0 |       5 |       0 |   0.0
        D:2 |      33 |       0 |   0.0 |      10 |       0 |   0.0
        D:3 |     123 |       0 |   0.0 |       3 |       0 |   0.0
            +---------+---------+-------+---------+---------+-------
